 Dungeon Crawl Stone Soup version 0.27.1-2-g3b301248ec (webtiles) character file.

Game seed: 1071401593662280841

11812 Borgoz the Fighter (level 11, -3/73 HPs)
             Began as a Gargoyle Gladiator on Sept 28, 2021.
             Was a High Priest of Okawaru.
             Slain by Fannar (7 damage)
             ... on level 11 of the Dungeon.
             The game lasted 00:13:53 (10052 turns).

Borgoz the Fighter (Gargoyle Gladiator)            Turns: 10052, Time: 00:13:53

Health: -3/73      AC: 30    Str: 24    XL:     11   Next: 83%
Magic:  11/11      EV: 13    Int:  6    God:    Okawaru [*****.]
Gold:   1263       SH:  0    Dex: 18    Spells: 10/10 levels left

rFire    + + +     SeeInvis .   p - +6 quarterstaff of Nenith Giqu {spect, rF+ Str+6 Dex-5}
rCold    + . .     Faith    +   (shield currently unavailable)
rNeg     + . .     Spirit   .   m - +0 plate armour
rPois    ∞         Reflect  .   o - +2 hat
rElec    +         Harm     +   (no cloak)
rCorr    +         Rampage  .   s - +0 pair of gloves
Will     .....                  j - +0 pair of boots
Stlth    ..........             t - amulet of Summertime {Faith Harm +Blink Int-3 Dex+3}
HPRegen  0.22/turn              y - ring "Lemirr" {rF+ rCorr}
MPRegen  0.12/turn              w - +6 ring of dexterity

@: resistant, heroic
A: sickness immunity, AC +8, negative energy resistance 1, electricity
resistance, torment resistance 1, petrification resistance
a: Renounce Religion, Evoke Blink, Heroism, Finesse


You were on level 11 of the Dungeon.
You worshipped Okawaru.
Okawaru was extremely pleased with you.
You visited 2 branches of the dungeon, and saw 12 of its levels.
You also visited: Bailey.

You collected 1431 gold pieces.
You spent 168 gold pieces at shops.

Inventory:

Hand Weapons
 h - a +4 whip of electrocution
 p - the +6 quarterstaff of Nenith Giqu (weapon) {spect, rF+ Str+6 Dex-5}
   (You found it on level 5 of the Dungeon)

   When its wielder attacks, the weapon's spirit leaps out and strikes again.
   The spirit shares a part of any damage it takes with its wielder.
   Str:       It affects your strength (+6).
   Dex:       It affects your dexterity (-5).
   rF:        It protects you from fire.
Armour
 j - a +0 pair of boots (worn)
 m - a +0 plate armour (worn)
 o - a +2 hat (worn)
 s - a +0 pair of gloves (worn)
Jewellery
 n - a ring of resist corrosion
 t - the amulet of Summertime (around neck) {Faith Harm +Blink Int-3 Dex+3}
   (You bought it in a shop on level 8 of the Dungeon)

   [amulet of faith]

   It allows you to gain divine favour quickly.
   Int:       It affects your intelligence (-3).
   Dex:       It affects your dexterity (+3).
   +Blink:    It lets you blink.
   Harm:      It increases damage dealt and taken.
 u - an amulet of regeneration
 w - a +6 ring of dexterity (right hand)
 x - a ring of positive energy
 y - the ring "Lemirr" (left hand) {rF+ rCorr}
   (You found it on level 6 of the Dungeon)

   [ring of protection from fire]

   rF:        It protects you from fire.
   rCorr:     It protects you from acid and corrosion.
 E - a +4 ring of evasion
Wands
 q - a wand of flame (35)
 r - a wand of digging (2)
Scrolls
 b - a scroll of identify
 k - 3 scrolls of blinking
 l - 7 scrolls of teleportation
 v - a scroll of magic mapping
 z - 2 scrolls of enchant weapon
 C - 2 scrolls of acquirement {unknown}
 D - a scroll of noise {unknown}
Potions
 a - 3 potions of brilliance
 e - 2 potions of mutation
 f - 3 potions of haste
 g - 2 potions of curing
 A - a potion of cancellation {unknown}


   Skills:
 * Level 10.9(15.9) Fighting
 * Level 10.4(15.4) Maces & Flails
 - Level 1.7(6.7) Throwing
 * Level 10.7(15.7) Armour
 + Level 6.4(11.4) Dodging


You had 10 spell levels left.
You didn't know any spells.
Your spell library contained the following spells:

 Spells                   Type           Power      Damage    Failure   Level
 Foxfire                  Conj/Fire      0%         2x1d4     98%         1
 Corpse Rot               Necr/Air       N/A        N/A       99%         2
 Conjure Flame            Conj/Fire      0%         6-21      100%        3
 Inner Flame              Hex/Fire       0%         N/A       100%        3
 Dispel Undead            Necr           0%         3d6       100%        4
 Petrify                  Tmut/Erth      0%         N/A       100%        4
 Blade Hands              Tmut           0%         N/A       100%        5
 Irradiate                Conj/Tmut      0%         3d14      100%        5
 Summon Forest            Summ/Tloc      0%         N/A       100%        5
 Summon Mana Viper        Hex/Summ       0%         N/A       100%        5
 Death Channel            Necr           0%         N/A       100%        6
 Shadow Creatures         Summ           N/A        N/A       100%        6
 Dragon Form              Tmut           0%         N/A       100%        7
 Sublimation of Blood     Necr           Unusable   N/A       N/A         2

Dungeon Overview and Level Annotations

Branches:
Dungeon (11/15)            Temple (1/1) D:7            Lair (0/6) D:10
 Bailey (visited)
    Orc: D:9-12

Altars:
Ashenzari
Cheibriados
Dithmenos
Elyvilon
Fedhas
Gozag
Hepliaklqana
Kikubaaqudgha
Makhleb
Nemelex Xobeh
Okawaru
Qazlal
Ru
Sif Muna
Trog
Uskayaw
Vehumet
Wu Jian
Xom
Yredelemnul
Zin
The Shining One

Shops:
D:8 *   D:9 !

Annotations:
D:11 Fannar


Innate Abilities, Weirdness & Mutations

You are immune to sickness and miasma.
Your stone body is resilient. (AC +8)
You are immune to poison.
You resist negative energy. (rN+)
You are resistant to electric shocks. (rElec)
You are resistant to unholy torment.
You are immune to petrification.


Message History

Fannar freezes you.
* * * LOW HITPOINT WARNING * * *
Okay, then.
You gain the combat prowess of a mighty hero.
The ice beast hits you but does no damage.
Fannar says, "Does this not give you the chills?"
Fannar hits you but does no damage. Fannar freezes you!
* * * LOW HITPOINT WARNING * * *
You are confused.
You feel invigorated.
The ice beast hits you but does no damage.
Fannar barely misses you.
You bump into the rock wall.
You sock the ice beast!
The ice beast is severely wounded.
Your +6 quarterstaff of Nenith Giqu {spect, rF+ Str+6 Dex-5} hits the ice beast!
You kill the ice beast!
Fannar hits you with a staff of cold.
* * * LOW HITPOINT WARNING * * *
Fannar freezes you.
* * * LOW HITPOINT WARNING * * *
You completely miss Fannar.
Your +6 quarterstaff of Nenith Giqu {spect, rF+ Str+6 Dex-5} barely misses Fannar.
You feel less invigorated.
You feel less confused.
You miss Fannar.
Your +6 quarterstaff of Nenith Giqu {spect, rF+ Str+6 Dex-5} hits Fannar.
Fannar barely misses you.
You miss Fannar.
Fannar is lightly wounded.
Your +6 quarterstaff of Nenith Giqu {spect, rF+ Str+6 Dex-5} hits Fannar.
Fannar hits you but does no damage. Fannar freezes you!
* * * LOW HITPOINT WARNING * * *
You completely miss Fannar.
Fannar is lightly wounded.
Your +6 quarterstaff of Nenith Giqu {spect, rF+ Str+6 Dex-5} closely misses Fannar.
Fannar hits you with a staff of cold!
* * * LOW HITPOINT WARNING * * *
Fannar freezes you.
You die...

##.....####.=..#....(.
##.#.......#
#....#....#.
#.........##
#.......####
#..........###........
#
##...............##.#.
# #..#........# ## ..
.. #..#........#$###..
.. ##.#...(e.....)#.
.## #...#..@([†......
## #
###.###.##......>. .
##.#.# ####........
#....## #..#.#....
#.....##.#..### ...
##........... ..
#####...##..... .
##...##..##.....
#.........##....


You could see Fannar and a friendly +6 quarterstaff of Nenith Giqu {spect, rF+
Str+6 Dex-5} (summoned).

Vanquished Creatures
  A hydra (D:11)
  A boulder beetle (D:11)
  A two-headed ogre (D:9)
  An orc knight (Bailey)
  3 cyclopes
  The ghost of Cleetus the Cleaver, a novice DDFi of Makhleb (D:4)
  3 gargoyles
  A yaktaur (D:10)
  2 trolls (D:11)
  The ghost of Steelgonads the Skirmisher, an amateur DsAK of Lugonu (D:4)
  A hornet (D:9)
  The ghost of ABBCCCDDDD the Sneak, an amateur OpWr (D:4)
  Grinder (D:3)
  A shadow (D:11)
  Eustachio (D:4)
  11 yaks
  The ghost of Henske123 the Bolt Thrower, an amateur MiHu (D:4)
  A wyvern (D:11)
  A wraith (D:9)
  The ghost of OdinelGallardo the Caller, an amateur MfSu (D:4)
  A water moccasin (D:8)
  6 orc warriors
  An ice beast (D:5)
  2 ogres
  A necrophage (D:7)
  4 centaurs
  A phantom (D:4)
  A kobold brigand (D:6)
  An elf zombie (D:4)
  A gnoll sergeant (D:11)
  A bullfrog (D:4)
  3 elf skeletons (D:4)
  A water moccasin zombie (D:6)
  A wyvern skeleton (D:7)
  5 howler monkeys
  3 centaur zombies
  3 hounds
  4 orc priests
  2 jellies
  A gnoll shaman (D:8)
  A human zombie (D:4)
  A centaur skeleton (D:4)
  3 iguanas (D:6)
  2 human skeletons (D:4)
  4 orc wizards
  2 killer bee zombies
  A howler monkey zombie (D:7)
  18 gnolls
  5 adders
  A howler monkey skeleton (D:3)
  A white imp (D:7)
  2 ufetubi (D:4)
  4 dart slugs
  39 orcs
  4 ball pythons
  4 endoplasms
  2 giant cockroaches (D:4)
  15 goblins
  7 hobgoblins
  7 jackals (D:3)
  22 kobolds
  2 quokkas
  6 bats
  2 frilled lizards (D:1)
  4 orc skeletons (D:4)
  15 rats
252 creatures vanquished.

Vanquished Creatures (others)
  A centaur (D:9)
  A jelly (D:6)
  An orc (D:9)
3 creatures vanquished.

Grand Total: 255 creatures vanquished

Notes
Turn   | Place    | Note
-------+----------+-------------------------------------------
     0 | D:1      | Borgoz the Gargoyle Gladiator began the quest for the Orb.
     0 | D:1      | Reached XP level 1. HP: 12/12 MP: 1/1
   379 | D:1      | Found a faded altar of an unknown god.
   424 | D:1      | Reached XP level 2. HP: 18/18 MP: 2/2
   437 | D:1      | Reached skill level 1 in Armour
   879 | D:1      | Reached XP level 3. HP: 22/22 MP: 3/3
  1234 | D:2      | Reached XP level 4. HP: 24/28 MP: 4/4
  1538 | D:3      | Noticed Grinder
  1551 | D:3      | Killed Grinder
  1552 | D:3      | Reached XP level 5. HP: 21/33 MP: 5/5
  1552 | D:3      | Reached XP level 6. HP: 24/38 MP: 6/6
  1803 | D:3      | Found a snail-covered altar of Cheibriados.
  1804 | D:3      | Found a blossoming altar of Fedhas.
  1805 | D:3      | Found an ancient bone altar of Kikubaaqudgha.
  2302 | D:4      | Reached XP level 7. HP: 40/44 MP: 7/7
  2481 | D:4      | Reached skill level 5 in Maces & Flails
  2561 | D:4      | Reached skill level 5 in Fighting
  2577 | D:4      | Noticed Eustachio
  2599 | D:4      | Killed Eustachio
  2763 | D:4      | Found an iron altar of Okawaru.
  2987 | D:4      | Reached skill level 5 in Armour
  2987 | D:4      | Reached XP level 8. HP: 50/50 MP: 8/8
  3104 | D:4      | Found a runed translucent gate.
  3104 | D:4      | Found a runed translucent gate.
  3106 | D:4      | Found a runed translucent gate.
  3107 | D:4      | Noticed Henske123's ghost (amateur MiHu)
  3107 | D:4      | Noticed Steelgonads's ghost (amateur DsAK)
  3107 | D:4      | Noticed Cleetus's ghost (novice DDFi)
  3108 | D:4      | Noticed OdinelGallardo's ghost (amateur MfSu)
  3108 | D:4      | Noticed ABBCCCDDDD's ghost (amateur OpWr)
  3639 | D:5      | Entered Level 5 of the Dungeon
  3829 | D:5      | Identified the +6 quarterstaff of Nenith Giqu {spect, rF+
                  | Str+6 Dex-5}
  4268 | D:5      | Noticed a yak
  4271 | D:5      | Noticed a yak
  4272 | D:5      | Noticed a yak
  4273 | D:5      | Noticed a yak
  4274 | D:5      | Noticed a yak
  4287 | D:5      | Killed a yak
  4289 | D:5      | Killed a yak
  4290 | D:5      | Reached XP level 9. HP: 40/56 MP: 9/9
  4785 | D:6      | Identified the ring "Lemirr" {rF+ rCorr}
  4844 | D:6      | Found a radiant altar of Vehumet.
  5110 | D:7      | Found a flagged portal.
  5126 | Bailey   | Entered a bailey
  5180 | Bailey   | Noticed an orc knight
  5198 | Bailey   | Killed an orc knight
  5313 | D:7      | Reached skill level 5 in Dodging
  5340 | D:7      | Found a staircase to the Ecumenical Temple.
  5351 | D:7      | Reached XP level 10. HP: 64/64 MP: 10/10
  5360 | Temple   | Entered the Ecumenical Temple
  5970 | D:4      | Became a worshipper of Warmaster Okawaru
  6086 | D:4      | Killed Cleetus's ghost
  6088 | D:4      | Killed ABBCCCDDDD's ghost
  6097 | D:4      | Killed Steelgonads's ghost
  6102 | D:4      | Killed OdinelGallardo's ghost
  6106 | D:4      | Killed Henske123's ghost
  6289 | D:7      | Found a hazy altar of Hepliaklqana.
  6570 | D:8      | Found a stormy altar of Qazlal.
  6669 | D:8      | Reached * piety under Okawaru
  6937 | D:8      | Found Deubobb's Assorted Antiques.
  6945 | D:8      | Bought a fine jade amulet for 140 gold pieces
  6945 | D:8      | Identified the amulet of Summertime {Faith Harm +Blink
                  | Int-3 Dex+3} (You bought it in a shop on level 8 of the
                  | Dungeon)
  6945 | D:8      | Bought a scroll labelled OSOWUM CAIGU for 28 gold pieces
  7609 | D:9      | Found Roahotyikh's Distillery.
  7728 | D:9      | Noticed a cyclops
  7734 | D:9      | Killed a cyclops
  7738 | D:9      | Noticed a two-headed ogre
  7759 | D:9      | Killed a two-headed ogre
  7759 | D:9      | Reached ** piety under Okawaru
  8051 | D:9      | Reached XP level 11. HP: 64/72 MP: 11/11
  8337 | D:10     | Entered Level 10 of the Dungeon
  8396 | D:10     | Reached *** piety under Okawaru
  8399 | D:10     | Reached skill level 10 in Fighting
  8929 | D:10     | Found a staircase to the Lair.
  8978 | D:10     | Reached skill level 10 in Armour
  9232 | D:11     | Noticed a cyclops
  9240 | D:11     | Killed a cyclops
  9240 | D:11     | Reached **** piety under Okawaru
  9312 | D:11     | Noticed a boulder beetle
  9325 | D:11     | Killed a boulder beetle
  9326 | D:11     | Reached skill level 10 in Maces & Flails
  9387 | D:11     | Reached ***** piety under Okawaru
  9592 | D:11     | Received a gift from Okawaru
  9976 | D:11     | Noticed a cyclops
  9983 | D:11     | Killed a cyclops
 10026 | D:11     | Noticed an eight-headed hydra
 10028 | D:11     | Noticed Fannar
 10032 | D:11     | Killed an eight-headed hydra
 10032 | D:11     | Received a gift from Okawaru
 10052 | D:11     | Slain by Fannar

Illustrated notes

Levels and vault maps discovered:
D:1:      zelgadis_glass_arrival_small, layout_loops_corners,
          basic_ecumenical_altar, minmay_rat_gold_closets
D:2:      layout_rooms
D:3:      layout_loops_cross, chequers_temple_overflow_statue_of_worship,
          uniq_grinder
D:4:      layout_basic, nicolae_overflow_hidden_temple,
          nicolae_ossuary_entry_catacombs, gammafunk_ghost_cemetery,
          kennysheep_generic_room_13, uniq_eustachio
D:5:      layout_loops_ring, chequers_garden
D:6:      layout_basic, fiery_altar_vehumet
D:7:      layout_basic, mainiacjoe_overflow_six_doors_small,
          minmay_temple_entry_water_ring, lightli_bailey_entry_fortress,
          minmay_misc_feat_roman
D:8:      layout_basic, mainiacjoe_overflow_catwalk, serial_shops, shop
D:9:      layout_basic, serial_shops, shop
D:10:     layout_loops_ring, lair_entry_dummy
D:11:     layout_cave_pools, uniq_fannar
Temple:   regret_index_temple_generic_petals

Skill      XL: |  1  2  3  4  5  6  7  8  9 10 11 |
---------------+----------------------------------+-----
Armour         | 1 2 3 4 5 6 8 9 10 | 10.7
Fighting       | 3 4 5 6 8 9 10 | 10.9
Maces & Flails | 4 5 6 8 9 10 | 10.4
Dodging        | 3 4 5 6 |  6.4
Throwing       | |  1.7

Action                   |  1- 3 |  4- 6 |  7- 9 | 10-12 || total
-------------------------+-------+-------+-------+-------++-------
Melee: Flail             |    43 |       |       |       ||    43
       Whip              |    49 |    90 |   143 |       ||   282
       Quarterstaff      |       |       |   116 |   210 ||   326
Throw: Throwing net      |       |       |     2 |     2 ||     4
Invok: Heroism           |       |       |       |     1 ||     1
Evoke: Wand              |       |       |    10 |       ||    10
  Use: Scroll            |     4 |     3 |    15 |     4 ||    26
       Potion            |       |       |     2 |     7 ||     9
 Stab: Sleeping          |     2 |       |       |       ||     2
       Distracted        |       |       |     1 |     1 ||     2
       Held in net/web   |       |       |     1 |       ||     1
Armor: Leather armour    |    34 |    45 |   120 |       ||   199
       Plate armour      |       |       |    25 |   175 ||   200
Dodge: Dodged            |    46 |    62 |   234 |   100 ||   442
